 Dungeon Crawl Stone Soup version 0.17-a0-1078-g243345b (webtiles) character file.

338 Fluffy the Skirmisher (level 6, -1/57 HPs)
             Began as a Hill Orc Fighter on May 19, 2015.
             Slain by an ogre
             ... wielding a +0 giant club
              (20 damage)
             ... on level 4 of the Dungeon.
             The game lasted 00:07:54 (3185 turns).

Fluffy the Skirmisher (Hill Orc Fighter)            Turns: 3185, Time: 00:07:54

Health: -1/57      AC: 11    Str: 19    XL:     6   Next: 55%
Magic:  6/6        EV:  5    Int:  8    God:
Gold:   136        SH:  9    Dex: 12    Spells: 0 memorised, 5 levels left

rFire  . . .     SeeInvis .     s - +2 hand axe (flame)
rCold  . . .     Clarity  .     u - +0 chain mail
rNeg   . . .     SustAb   .     c - +0 shield
rPois  .         Gourm    .     (no helmet)
rElec  .         Spirit   .     (no cloak)
rCorr  .         Warding  .     o - +0 pair of gloves
rMut   .         Stasis   .     (no boots)
MR     .....                    (no amulet)
Stlth  ..........               (no ring)
                                (no ring)

@: not resistant to hostile enchantments, extremely unstealthy
A: no striking features
a: no special abilities


You were on level 4 of the Dungeon.
You were hungry.

You visited 1 branch of the dungeon, and saw 4 of its levels.

You collected 136 gold pieces.

Inventory:

Hand weapons
 a - a +0 war axe
 s - a +2 hand axe of flaming (weapon)
Armour
 c - a +0 shield (worn)
 o - a +0 pair of gloves (worn)
 u - a +0 chain mail (worn)
Magical devices
 l - a wand of flame (19)
 t - a wand of frost (42)
Scrolls
 g - 3 scrolls of identify {unknown}
 h - 3 scrolls of teleportation {unknown}
 i - 5 scrolls of remove curse {unknown}
Potions
 d - a potion of might
 f - 3 potions of curing {unknown}
 j - a potion of haste {unknown}
 k - a potion of degeneration {unknown}
 m - a potion of magic {unknown}
 n - a potion of resistance {unknown}
 p - a potion of lignification {unknown}
Comestibles
 e - 5 bread rations
 q - a beef jerky
 r - a meat ration


   Skills:
 + Level 5.7 Fighting
 + Level 5.3 Axes
 + Level 5.4 Armour
 - Level 3.2 Shields


You had 5 spell levels left.
You didn't know any spells.

Dungeon Overview and Level Annotations

Branches:
Dungeon (4/15)
 Temple: D:4-7

Altars:
Ashenzari


Message History

The gnoll hits you from afar with a spear.
The gnoll completely misses you.
You slash the ogre! You burn the ogre.
The ogre is almost dead.
The ogre barely misses you. You block the gnoll's attack.
You barely miss the ogre.
The ogre is almost dead.
You block the ogre's attack.
The gnoll hits you from afar with a spear.
You hit the ogre. You burn the ogre.
The ogre is almost dead.
The ogre barely misses you.
The gnoll hits you from afar with a spear.
You hit the ogre but do no damage.
The ogre is almost dead.
The ogre hits you but does no damage. The gnoll hits you but does no damage.
You hit the ogre but do no damage.
The ogre is almost dead.
You block the gnoll's attack. The ogre hits you with a giant club!!
You die...

#.# #.# #.#
#.# #.# #.#
#.# #.###(#
#....@########
######Og......
#.Kg......
+..>.=....
#..)......
..........
........(..
...........
...)........


You could see an ogre, 2 gnolls and a kobold.

Vanquished Creatures
  A scorpion (D:4)
  A centaur skeleton (D:4)
  A worker ant (D:4)
  11 gnolls
  4 adders (D:3)
  2 oozes (D:3)
  A worm (D:2)
  2 giant geckos
  6 orcs
  4 goblins
  14 hobgoblins
  8 jackals
  10 kobolds
  A quokka (D:3)
  3 ball pythons
  5 bats
  A giant cockroach (D:4)
  4 giant newts
  9 rats
88 creatures vanquished.

Notes
Turn   | Place    | Note
--------------------------------------------------------------
     0 | D:1      | Fluffy the Hill Orc Fighter began the quest for the Orb.
     0 | D:1      | Reached XP level 1. HP: 19/19 MP: 1/1
    57 | D:1      | Reached XP level 2. HP: 25/27 MP: 2/2
    73 | D:1      | Reached skill level 4 in Fighting
   591 | D:1      | Reached XP level 3. HP: 12/33 MP: 3/3
  1009 | D:1      | Found a shattered altar of Ashenzari.
  1463 | D:2      | Reached XP level 4. HP: 39/41 MP: 4/4
  2100 | D:3      | Reached XP level 5. HP: 25/47 MP: 5/5
  2388 | D:3      | Reached skill level 5 in Fighting
  2983 | D:3      | Reached skill level 5 in Armour
  2983 | D:3      | Reached XP level 6. HP: 47/56 MP: 6/6
  3152 | D:4      | Reached skill level 5 in Axes
  3185 | D:4      | Slain by an ogre

Vault maps used:
D:1:      erik_arrival_cave_to_civilisation, kennysheep_decorative_pillar,
          ashenzari_altar_1
D:2:      first_bread
D:4:      tgw_sif, serial_shops, shop, uniq_eustachio

Action                   |  1- 3 |  4- 6 || total
-------------------------+-------+-------++-------
Melee: War axe           |    95 |    85 ||   180
       Hand axe          |       |   135 ||   135
  Eat: Chunk             |     2 |     5 ||     7
